 Dungeon Crawl Stone Soup version 0.22-a0-392-g5dc3fd9 (webtiles) character file.

53 Gorglomux the Ducker (level 3, 0/29 HPs)
             Began as a Minotaur Earth Elementalist on May 1, 2018.
             Slain by a hobgoblin (5 damage)
             ... on level 2 of the Dungeon.
             The game lasted 00:03:00 (838 turns).

Gorglomux the Ducker (Minotaur Earth Elementalist)   Turns: 838, Time: 00:03:00

Health: 0/29       AC:  2    Str: 13    XL:     3   Next: 62%
Magic:  2/4        EV: 13    Int: 12    God:
Gold:   126        SH:  0    Dex: 10    Spells: 3/4 levels left

rFire    . . .     SeeInvis .   j - +0 dagger (venom)
rCold    . . .     Gourm    .   (no shield)
rNeg     . . .     Faith    .   c - +0 robe
rPois    .         Spirit   .   (helmet restricted)
rElec    .         Reflect  .   (no cloak)
rCorr    .         Harm     .   (no gloves)
MR       .....                  (no boots)
Stlth    ++........             (no amulet)
HPRegen  0.09/turn              (no ring)
MPRegen  0.09/turn              (no ring)

@: lethally poisoned (0 -> -8)
A: retaliatory headbutt, horns 2
a: no special abilities


You were on level 2 of the Dungeon.
You were not hungry.

You visited 1 branch of the dungeon, and saw 2 of its levels.

You collected 126 gold pieces.

Inventory:

Hand Weapons
 j - a +0 dagger of venom (weapon)
Missiles
 b - 58 stones (quivered)
Armour
 c - a +0 robe (worn)
Jewellery
 k - an uncursed ring of protection from fire {unknown}
Scrolls
 f - a scroll of identify {unknown}
 g - 4 scrolls of remove curse {unknown}
 i - a scroll of amnesia {unknown}
 l - a scroll of enchant armour {unknown}
 m - a scroll of enchant weapon {unknown}
Comestibles
 a - 2 chunks of flesh
 d - 6 rations


   Skills:
 + Level 2.1 Fighting
 - Level 2.2 Armour
 - Level 3.1 Dodging
 - Level 1.5 Stealth
 - Level 1.3 Spellcasting
   Level 0.7 Transmutations
 - Level 2.4 Earth Magic


You had 3 spell levels left.
You knew the following spells:

 Your Spells              Type           Power        Failure   Level  Hunger
a - Sandblast             Erth           #.....       11%         1    ##.....


Dungeon Overview and Level Annotations

Branches:
Dungeon (2/15)

Altars:


Innate Abilities, Weirdness & Mutations

You reflexively headbutt those who attack you in melee.
You have a pair of horns on your head.


Message History

You annihilate the rat!!! * * * don't butt
* * * You feel sick!
You skewer the kobold but do no damage!
The kobold is poisoned! * * * don't die
* * * You butt sick!
The kobold barely misses you! You furiously retaliate!!!
You headbutt the kobold, butt do no damage!
You spit the kobold but do no damage!
The kobold looks as sick as possible!!!
The kobold is moderately wounded! * * * don't die
* * * You feel sick!
The kobold hits you but does no damage!
You closely butts the kobold!
The kobold is severely wounded! * * * don't die
* * * You feel sick!
You annihilate the kobold!!!
You closely miss the hobgoblin! * * * don't die
* * * You butt sick!
The hobgoblin hits you! rip

#### ..# #.# #########
###.#### #....)..# #
#......####.#####.####
#.#.#.##...@g..........#
#.#.#.#######.#####.##.#
#.....# #.......g ..
###.### #####.##.. ..#
#.# #. ... .. ##.## .
.K.# # #...# .. .%r.
#...# .. ..##. #...#


You could see a hobgoblin.

Vanquished Creatures
  2 adders (D:2)
  2 dart slugs (D:2)
  4 bats
  A giant cockroach (D:1)
  3 goblins (D:1)
  3 hobgoblins
  A ball python (D:1)
  4 frilled lizards (D:1)
  3 kobolds
  13 rats
36 creatures vanquished.

Notes
Turn   | Place    | Note
-------+----------+-------------------------------------------
     0 | D:1      | Gorglomux the Minotaur Earth Elementalist began the quest for the Orb.
     0 | D:1      | Reached XP level 1. HP: 14/14 MP: 1/1
   129 | D:1      | Reached skill level 1 in Armour
   150 | D:1      | Reached skill level 1 in Fighting
   150 | D:1      | Reached XP level 2. HP: 23/23 MP: 3/3
   768 | D:2      | Reached XP level 3. HP: 28/28 MP: 4/4
   822 | D:2      | Reached skill level 3 in Dodging
   838 | D:2      | Slain by a hobgoblin

Vault maps used:
D:1:      minmay_arrival_split_and_join
D:2:      gammafunk_temple_overflow_wave

Skill      XL: |  1  2  3 |
---------------+----------+-----
Armour         | 1 2 |  2.2
Fighting       | 1 2 |  2.1
Dodging        | 3 |  3.1
Stealth        | |  1.5
Spellcasting   | |  1.3
Transmutations | |  0.7
Earth Magic    | |  2.4

Action                   || total
-------------------------++-------
Melee: Unarmed           ||    15
       Headbutt          ||     9
       Whip              ||    26
       Dagger            ||    33
 Cast: Sandblast         ||     6
  Use: Potion            ||     1
 Stab: Sleeping          ||     2
Armor: Robe              ||    14
Dodge: Dodged            ||    39

Table legend:
 A = Spawn XP
 B = Non-spawn XP
 C = Spawn XP percentage of total XP
 D = Spawn monster count
 E = Non-spawn monster count
 F = Spawn count percentage of total count
 G = Total turns spent on level
                    A         B        C        D         E        F      G
               +---------+---------+-------+---------+---------+-------+---------
         Total |       0 |      76 |   0.0 |       0 |      36 |   0.0 |   838
               +---------+---------+-------+---------+---------+-------+---------
           D:1 |       0 |      34 |   0.0 |       0 |      26 |   0.0 |   639
           D:2 |       0 |      42 |   0.0 |       0 |      10 |   0.0 |   199
               +---------+---------+-------+---------+---------+-------+---------
